| TOP OF THE 1ST |
|
Chicago Cubs batting - Pitching for St. Louis Cardinals : LHP Ken Holtzman
|
|
Pitching: LHP Ken Holtzman
|
|
|
Batting: LHB Gerald Perry
|
0-0: Ball 1-0: Ball 2-0: Ground out 5-3 (Groundball, 56, EV 100.6 MPH)
|
|
Batting: RHB Randy Ready
|
0-0: Ball 1-0: Fly out, F9 (Line Drive, 9, EV 91.9 MPH)
|
|
Batting: LHB Dave Bergman
|
0-0: Ball 1-0: Called Strike 1-1: SINGLE (Groundball, 4MD, EV 95.0 MPH)
|
|
Batting: LHB Robert Kraft
|
0-0: Ball Dave Bergman is caught stealing 2nd base 2-6
|
| Top of the 1st over - 0 runs, 1 hit, 0 errors, 0 left on base; Chicago 0 - St. Louis 0 |
| BOTTOM OF THE 1ST |
|
St. Louis Cardinals batting - Pitching for Chicago Cubs : RHP Bill Greif
|
|
Pitching: RHP Bill Greif
|
|
|
Batting: SHB Otis Nixon
|
0-0: Ball 1-0: Foul Ball, location: 2F 1-1: Called Strike 1-2: SINGLE (Line Drive, 6MD, EV 98.8 MPH)
|
|
Batting: LHB Jim Gantner
|
0-0: Called Strike 0-1: Ball 1-1: Ball 2-1: Ball 3-1: Fielders Choice at 2nd, 4-6 (Groundball, 34D, EV 85.0 MPH)
|
|
Batting: RHB Sixto Lezcano
|
0-0: Swinging Strike 0-1: Ball 1-1: Called Strike 1-2: Strikes out swinging
|
|
Batting: LHB Mike Davis
|
0-0: Called Strike Jim Gantner steals 2nd base 0-1: Called Strike 0-2: Ball 1-2: Ball 2-2: Ground out 6-3 (Groundball, 6D, EV 98.8 MPH)
|
| Bottom of the 1st over - 0 runs, 1 hit, 0 errors, 1 left on base; Chicago 0 - St. Louis 0 |
| TOP OF THE 2ND |
|
Chicago Cubs batting - Pitching for St. Louis Cardinals : LHP Ken Holtzman
|
|
Batting: LHB Robert Kraft
|
0-0: Called Strike 0-1: Fly out, F6 (Line Drive, 6, EV 65.6 MPH)
|
|
Batting: RHB Damaso Garcia
|
0-0: Ball 1-0: Ball 2-0: Foul Ball, location: 2F 2-1: SINGLE (Groundball, 56D, EV 99.4 MPH)
|
|
Batting: RHB Houston Jimenez
|
0-0: Ball 1-0: Called Strike 1-1: Ball 2-1: Ball 3-1: Foul Ball, location: 2F 3-2: SINGLE (Flyball, 3D, EV 96.3 MPH) Damaso Garcia to second
|
|
Batting: RHB Marty Castillo
|
0-0: Ball 1-0: DOUBLE (Line Drive, 7LM, EV 103.1 MPH) Damaso Garcia scores Houston Jimenez to third Runner from 3rd tries for Home, SAFE, no throw by LF
|
|
Batting: RHB Bob Brenly
|
0-0: Ball 1-0: Called Strike 1-1: Foul Ball, location: 2F 1-2: Strikes out looking
|
|
Batting: RHB Bill Greif
|
0-0: Called Strike 0-1: Called Strike 0-2: Ball 1-2: Strikes out swinging
|
| Top of the 2nd over - 2 runs, 3 hits, 0 errors, 1 left on base; Chicago 2 - St. Louis 0 |
| BOTTOM OF THE 2ND |
|
St. Louis Cardinals batting - Pitching for Chicago Cubs : RHP Bill Greif
|
|
Batting: RHB Joe Torre
|
0-0: Called Strike 0-1: Fly out, F9 (Flyball, 9S, EV 81.9 MPH)
|
|
Batting: LHB Pat Putnam
|
0-0: Called Strike 0-1: Swinging Strike 0-2: Ball 1-2: Strikes out looking
|
|
Batting: RHB Brian Dayett
|
0-0: Ball 1-0: Called Strike 1-1: Foul Ball, location: 2F 1-2: Ball 2-2: Fly out, F7 (Flyball, 8LM, EV 93.8 MPH)
|
| Bottom of the 2nd over - 0 runs, 0 hits, 0 errors, 0 left on base; Chicago 2 - St. Louis 0 |
| TOP OF THE 3RD |
|
Chicago Cubs batting - Pitching for St. Louis Cardinals : LHP Ken Holtzman
|
|
Batting: LHB Gerald Perry
|
0-0: Called Strike 0-1: Swinging Strike 0-2: Ball 1-2: Foul Ball, location: 2F 1-2: Foul Ball, location: 2F 1-2: Strikes out swinging
|
|
Batting: RHB Randy Ready
|
0-0: Ball 1-0: Swinging Strike 1-1: Ball 2-1: Foul Ball, location: 2F 2-2: Ball 3-2: Foul Ball, location: 2F 3-2: Fly out, F7 (Line Drive, 7, EV 93.8 MPH)
|
|
Batting: LHB Dave Bergman
|
0-0: Ball 1-0: Foul Ball, location: 2F 1-1: SINGLE (Groundball, 23, EV 63.8 MPH) (infield hit)
|
|
Batting: LHB Robert Kraft
|
0-0: Called Strike 0-1: Called Strike Dave Bergman steals 2nd base 0-2: Foul Ball, location: 2F 0-2: Ball 1-2: Ball 2-2: Foul Ball, location: 2F 2-2: Ground out 4-3 (Groundball, 34, EV 108.8 MPH)
|
| Top of the 3rd over - 0 runs, 1 hit, 0 errors, 1 left on base; Chicago 2 - St. Louis 0 |
| BOTTOM OF THE 3RD |
|
St. Louis Cardinals batting - Pitching for Chicago Cubs : RHP Bill Greif
|
|
Batting: RHB Steve Lubratich
|
0-0: Ground out 6-3 (Groundball, 6, EV 88.8 MPH)
|
|
Batting: RHB Ken Holtzman
|
0-0: Ball 1-0: Called Strike 1-1: Swinging Strike 1-2: Foul Ball, location: 2F 1-2: Ball 2-2: Strikes out swinging
|
|
Batting: SHB Otis Nixon
|
0-0: Foul Ball, location: 2F 0-1: Fly out, F8 (Flyball, 89M, EV 98.1 MPH)
|
| Bottom of the 3rd over - 0 runs, 0 hits, 0 errors, 0 left on base; Chicago 2 - St. Louis 0 |
| TOP OF THE 4TH |
|
Chicago Cubs batting - Pitching for St. Louis Cardinals : LHP Ken Holtzman
|
|
Batting: RHB Damaso Garcia
|
0-0: Fly out, F8 (Line Drive, 8RM, EV 93.1 MPH)
|
|
Batting: RHB Houston Jimenez
|
0-0: Called Strike 0-1: Called Strike 0-2: Ball 1-2: Foul Ball, location: 2F 1-2: Ground out 3-1 (Groundball, 34S, EV 83.8 MPH)
|
|
Batting: RHB Marty Castillo
|
0-0: Ball 1-0: Foul Ball, location: 2F 1-1: Ball 2-1: Foul Ball, location: 2F 2-2: Foul Ball, location: 2F 2-2: Foul Ball, location: 2F 2-2: DOUBLE (Line Drive, 9LS, EV 105.0 MPH)
|
|
Batting: RHB Bob Brenly
|
0-0: Intentional Walk
|
|
Batting: RHB Bill Greif
|
0-0: Foul Ball, location: 2F 0-1: Ball 1-1: Foul Ball, location: 2F 1-2: Strikes out looking
|
| Top of the 4th over - 0 runs, 1 hit, 0 errors, 2 left on base; Chicago 2 - St. Louis 0 |
| BOTTOM OF THE 4TH |
|
St. Louis Cardinals batting - Pitching for Chicago Cubs : RHP Bill Greif
|
|
Batting: LHB Jim Gantner
|
0-0: Called Strike 0-1: Called Strike 0-2: Foul Ball, location: 2F 0-2: Fly out, F7 (Flyball, 7, EV 86.9 MPH)
|
|
Batting: RHB Sixto Lezcano
|
0-0: Called Strike 0-1: Fly out, F8 (Line Drive, 8LM, EV 93.1 MPH)
|
|
Batting: LHB Mike Davis
|
0-0: Ball 1-0: Ball 2-0: Called Strike 2-1: SOLO HOME RUN (Line Drive, 9LD, EV 99.4 MPH), Distance : 374 ft
|
|
Batting: RHB Joe Torre
|
0-0: Ball 1-0: SINGLE (Line Drive, 8LS, EV 109.4 MPH)
|
|
Batting: LHB Pat Putnam
|
0-0: Fly out, F6 (Flyball, 5D, EV 88.1 MPH)
|
| Bottom of the 4th over - 1 run, 2 hits, 0 errors, 1 left on base; Chicago 2 - St. Louis 1 |
| TOP OF THE 5TH |
|
Chicago Cubs batting - Pitching for St. Louis Cardinals : LHP Ken Holtzman
|
|
Batting: LHB Gerald Perry
|
0-0: Foul Ball, location: 2F 0-1: Ball 1-1: SINGLE (Flyball, 6D, EV 91.3 MPH)
|
|
Batting: RHB Randy Ready
|
0-0: Ball 1-0: Ball 2-0: Ball 3-0: Foul Ball, location: 2F 3-1: Fielders Choice at 2nd, 4-6 (Groundball, 4MD, EV 88.8 MPH)
|
|
Batting: LHB Dave Bergman
|
0-0: Foul Ball, location: 2F 0-1: Fielders Choice at 2nd, 3-6 (Groundball, 3, EV 90.0 MPH)
|
|
Batting: LHB Robert Kraft
|
0-0: Ball 1-0: Ball 2-0: Called Strike Dave Bergman steals 2nd base 2-1: Foul Ball, location: 2F 2-2: Ground out U3 (Groundball, 34, EV 105.0 MPH)
|
| Top of the 5th over - 0 runs, 1 hit, 0 errors, 1 left on base; Chicago 2 - St. Louis 1 |
| BOTTOM OF THE 5TH |
|
St. Louis Cardinals batting - Pitching for Chicago Cubs : RHP Bill Greif
|
|
Batting: RHB Brian Dayett
|
0-0: Called Strike 0-1: Swinging Strike 0-2: Ball 1-2: Ball 2-2: SINGLE (Line Drive, 34, EV 104.4 MPH)
|
|
Batting: RHB Steve Lubratich
|
0-0: Ball 1-0: Foul Ball, location: 2F 1-1: Swinging Strike 1-2: Foul Ball, location: 2F 1-2: Fly out, F5 (Line Drive, 5, EV 68.8 MPH)
|
|
Batting: RHB Ken Holtzman
|
0-0: Bunted foul 0-1: Called Strike 0-2: Ball 1-2: Bunted foul, Strikeout!
|
|
Batting: SHB Otis Nixon
|
0-0: Ball 1-0: Ball 2-0: Fielders Choice at 2nd, 6-4 (Groundball, 6, EV 98.1 MPH)
|
| Bottom of the 5th over - 0 runs, 1 hit, 0 errors, 1 left on base; Chicago 2 - St. Louis 1 |
| TOP OF THE 6TH |
|
Chicago Cubs batting - Pitching for St. Louis Cardinals : LHP Ken Holtzman
|
|
Batting: RHB Damaso Garcia
|
0-0: Ball 1-0: Ball 2-0: Foul Ball, location: 2F 2-1: Foul Ball, location: 2F 2-2: DOUBLE (Line Drive, 78D, EV 106.9 MPH)
|
|
Batting: RHB Houston Jimenez
|
0-0: Ball 1-0: Swinging Strike 1-1: Foul Ball, location: 2F 1-2: Ball 2-2: Strikes out looking
|
|
Batting: RHB Marty Castillo
|
0-0: Ground out 5-3 (Groundball, 56S, EV 85.6 MPH)
|
|
Batting: RHB Bob Brenly
|
0-0: Intentional Walk
|
|
Batting: RHB Bill Greif
|
0-0: Called Strike 0-1: Swinging Strike 0-2: Ground out 1-3 (Groundball, 34S, EV 75.0 MPH)
|
| Top of the 6th over - 0 runs, 1 hit, 0 errors, 2 left on base; Chicago 2 - St. Louis 1 |
| BOTTOM OF THE 6TH |
|
St. Louis Cardinals batting - Pitching for Chicago Cubs : RHP Bill Greif
|
|
Batting: LHB Jim Gantner
|
0-0: Ball 1-0: Fly out, F9 (Flyball, 89S, EV 90.0 MPH)
|
|
Batting: RHB Sixto Lezcano
|
0-0: Ball 1-0: Fly out, F7 (Flyball, 78M, EV 96.3 MPH)
|
|
Batting: LHB Mike Davis
|
0-0: Called Strike 0-1: Ball 1-1: SINGLE (Line Drive, 78M, EV 92.5 MPH)
|
|
Batting: RHB Joe Torre
|
0-0: Called Strike 0-1: Called Strike 0-2: Fly out, F8 (Flyball, 8RM, EV 90.0 MPH)
|
| Bottom of the 6th over - 0 runs, 1 hit, 0 errors, 1 left on base; Chicago 2 - St. Louis 1 |
| TOP OF THE 7TH |
|
Chicago Cubs batting - Pitching for St. Louis Cardinals : LHP Ken Holtzman
|
|
Batting: LHB Gerald Perry
|
0-0: Called Strike 0-1: Foul Ball, location: 2F 0-2: Ball 1-2: Fly out, F7 (Flyball, 7LS, EV 87.5 MPH)
|
|
Batting: RHB Randy Ready
|
0-0: Ball 1-0: Called Strike 1-1: Foul Ball, location: 2F 1-2: DOUBLE (Line Drive, 9LM, EV 108.1 MPH)
|
|
Batting: LHB Dave Bergman
|
0-0: SINGLE (Groundball, 4MD, EV 94.4 MPH) Randy Ready to third Runner from 3rd tries for Home, SAFE, throw by CF to home
|
|
Batting: LHB Robert Kraft
|
0-0: Ball 1-0: Swinging Strike 1-1: Ball 2-1: Foul Ball, location: 2F 2-2: Ball 3-2: Fly out, F8 (Flyball, 8LD, EV 84.4 MPH)
|
|
Batting: RHB Damaso Garcia
|
0-0: Called Strike 0-1: Ball 1-1: Foul Ball, location: 2F 1-2: Ball 2-2: Ground out 4-3 (Groundball, 4, EV 88.8 MPH)
|
| Top of the 7th over - 1 run, 2 hits, 0 errors, 1 left on base; Chicago 3 - St. Louis 1 |
| BOTTOM OF THE 7TH |
|
St. Louis Cardinals batting - Pitching for Chicago Cubs : RHP Bill Greif
|
|
Batting: LHB Pat Putnam
|
0-0: Ball 1-0: Ball 2-0: Foul Ball, location: 2F 2-1: Called Strike 2-2: SINGLE (Line Drive, 4D, EV 108.1 MPH)
|
|
Batting: RHB Brian Dayett
|
0-0: Called Strike 0-1: DOUBLE (Groundball, 5L, EV 104.4 MPH) Pat Putnam to third Runner from 3rd tries for Home, SAFE, throw by LF to trailing runner, SAFE at third!
|
|
Pinch Hitting: LHB Mark Hildebrand
|
0-0: Ball 1-0: Ball 2-0: Called Strike 2-1: Ball Balk! Brian Dayett scores 3-1: Foul Ball, location: 2F 3-2: SINGLE (Groundball, 4MD, EV 95.0 MPH)
|
|
Pinch Hitting: RHB Craig Stimac
|
0-0: Called Strike 0-1: Foul Ball, location: 2F 0-2: Ball 1-2: Ball 2-2: Foul Ball, location: 2F 2-2: Foul Ball, location: 2F 2-2: Fly out, F5 (Popup, 56S, EV 82.5 MPH)
|
|
Batting: SHB Otis Nixon
|
0-0: Foul Ball, location: 2F 0-1: Ball 1-1: Fly out, F8 (Flyball, 89D, EV 98.8 MPH)
|
|
Batting: LHB Jim Gantner
|
0-0: Ball 1-0: SINGLE (Line Drive, 7LS, EV 86.9 MPH) Mark Hildebrand to second
|
|
Batting: RHB Sixto Lezcano
|
0-0: Ball 1-0: Called Strike 1-1: Called Strike 1-2: SINGLE (Line Drive, 9LS, EV 106.3 MPH) Mark Hildebrand to third Jim Gantner to second Runner from 3rd tries for Home, SAFE, throw by RF to home
|
|
Batting: LHB Mike Davis
|
0-0: Ground out 1-3 (Groundball, 13, EV 65.6 MPH)
|
| Bottom of the 7th over - 3 runs, 5 hits, 0 errors, 2 left on base; Chicago 3 - St. Louis 4 |
| TOP OF THE 8TH |
|
Chicago Cubs batting - Pitching for St. Louis Cardinals : LHP Ken Holtzman
|
|
Pitching: RHP Larry Andersen
|
|
|
Now at SS: Don Ruzek
|
|
|
Batting: RHB Houston Jimenez
|
0-0: Called Strike 0-1: Ball 1-1: Swinging Strike 1-2: Fly out, F7 (Flyball, 7S, EV 86.9 MPH)
|
|
Batting: RHB Marty Castillo
|
0-0: Ball 1-0: Fly out, F9 (Flyball, 9D, EV 99.4 MPH)
|
|
Batting: RHB Bob Brenly
|
0-0: Called Strike 0-1: Called Strike 0-2: Ball 1-2: Ball 2-2: Fly out, F8 (Flyball, 8RM, EV 80.6 MPH)
|
| Top of the 8th over - 0 runs, 0 hits, 0 errors, 0 left on base; Chicago 3 - St. Louis 4 |
| BOTTOM OF THE 8TH |
|
St. Louis Cardinals batting - Pitching for Chicago Cubs : RHP Bill Greif
|
|
Batting: RHB Joe Torre
|
0-0: Ground out 6-3 (Groundball, 56, EV 86.9 MPH)
|
|
Batting: LHB Pat Putnam
|
0-0: Ball 1-0: Ball 2-0: Foul Ball, location: 2F 2-1: Ball 3-1: Foul Ball, location: 2F 3-2: Foul Ball, location: 2F 3-2: Ground out 5-3 (Groundball, 5, EV 87.5 MPH)
|
|
Batting: RHB Brian Dayett
|
0-0: Called Strike 0-1: SINGLE (Groundball, 6MD, EV 105.6 MPH)
|
|
Batting: RHB Don Ruzek
|
0-0: Foul Ball, location: 2F 0-1: Swinging Strike 0-2: Foul Ball, location: 2F 0-2: Ball 1-2: Strikes out swinging
|
| Bottom of the 8th over - 0 runs, 1 hit, 0 errors, 1 left on base; Chicago 3 - St. Louis 4 |
| TOP OF THE 9TH |
|
Chicago Cubs batting - Pitching for St. Louis Cardinals : RHP Larry Andersen
|
|
Now in LF: Mookie Wilson
|
|
|
Pinch Hitting: RHB Lonnie Smith
|
0-0: Swinging Strike 0-1: Foul Ball, location: 2F 0-2: Foul Ball, location: 2F 0-2: Fly out, F9 (Flyball, 9S, EV 83.8 MPH)
|
|
Batting: LHB Gerald Perry
|
0-0: Ball 1-0: Ground out 6-3 (Groundball, 56, EV 103.8 MPH)
|
|
Batting: RHB Randy Ready
|
0-0: Swinging Strike 0-1: Foul Ball, location: 2F 0-2: Foul Ball, location: 2F 0-2: Ball 1-2: Strikes out swinging
|
| Top of the 9th over - 0 runs, 0 hits, 0 errors, 0 left on base; Chicago 3 - St. Louis 4 |
|